 Dungeon Crawl Stone Soup version 0.29.1-1-gd02db6906a (webtiles) character file.

Game seed: 5022079634136921350

164 safid the Shooter (level 5, -1/70 HPs)
             Began as a Minotaur Hunter on Sept 24, 2022.
             Frozen to death by an endoplasm (2 damage)
             ... on level 3 of the Dungeon.
             The game lasted 00:04:03 (2336 turns).

safid the Shooter (Minotaur Hunter)                 Turns: 2336, Time: 00:04:04

Health: -1/70      AC: 22    Str: 15    XL:     5   Next: 21%
Magic:  4/4        EV:  2    Int:  6    God:
Gold:   132        SH:  5    Dex: 16    Spells: 4/4 levels left

rFire   . . .      SeeInvis .   a - +0 shortbow
rCold   . . .      Faith    .   (shield currently unavailable)
rNeg    . . .      Spirit   .   (body armour currently unavailable)
rPois   +          Reflect  +   (helmet currently unavailable)
rElec   .          Harm     .   (cloak currently unavailable)
rCorr   .          Rampage  .   (gloves currently unavailable)
Will    .....      NoTele   +   (boots currently unavailable)
Stlth   ++........              f - amulet of reflection
HPRegen 0.21/turn               (no ring)
MPRegen 0.09/turn               (no ring)

@: tree-form
A: stationary, stasis, torment immunity, boosted hp, (horns 2), (retaliatory
headbutt)
a: no special abilities


You were on level 3 of the Dungeon.
You were a tree.
You visited 1 branch of the dungeon, and saw 3 of its levels.

You collected 132 gold pieces.

Inventory:

Hand Weapons
 a - a +0 shortbow (weapon)
Armour
 c - a +0 leather armour (melded)
 n - a +1 cloak (melded)
Jewellery
 f - an amulet of reflection (around neck)
 p - a ring of fire
Wands
 r - a wand of iceblast (2)
Scrolls
 b - a scroll of immolation
 g - a scroll of magic mapping {unknown}
 j - 2 scrolls of identify {unknown}
 k - 4 scrolls of blinking {unknown}
 o - a scroll of teleportation {unknown}
 q - a scroll of acquirement {unknown}
Potions
 d - 2 potions of curing
 e - a potion of mutation {unknown}
 h - a potion of magic
 i - a potion of might {unknown}
 l - a potion of flight {unknown}
 s - a potion of berserk rage {unknown}


   Skills:
 + Level 4.9 Fighting
 + Level 5.9 Ranged Weapons
 - Level 2.1 Dodging
 - Level 0.7 Stealth


You had 4 spell levels left.
You didn't know any spells.
Your spell library contained the following spells:

 Spells                   Type           Power      Damage    Failure   Level
 Magic Dart               Conj           0%         1d3       45%         1
 Call Imp                 Summ           0%         N/A       58%         2
 Scorch                   Fire           0%         2d5       58%         2
 Mephitic Cloud           Conj/Pois/Air  0%         N/A       83%         3
 Flame Wave               Conj/Fire      0%         2d4       99%         4
 Conjure Ball Lightning   Conj/Air       0%         3x3d6     100%        6
 Summon Cactus Giant      Summ           0%         N/A       100%        6
 Discord                  Hex            0%         N/A       100%        8
 Disjunction              Tloc           0%         N/A       100%        8


Dungeon Overview and Level Annotations

Branches:
Dungeon (3/15)

Altars:
Uskayaw


Innate Abilities, Weirdness & Mutations

You are a tree.
Your roots penetrate the ground, keeping you stationary.
You cannot be teleported.
You are immune to unholy pain and torment.
Your maximum health is greatly increased.
Your equipment is partially melded.
((You have a pair of horns on your head.))
((You reflexively headbutt those who attack you in melee.))


Message History

Press: ? - help, Q - select action, (/) - cycle Shift-Dir - straight line, f - orc wizard
Aim: an orc wizard, wielding a +0 dagger and wearing a +0 robe (almost dead, 58% to hit)
You shoot an arrow. The arrow hits the orc wizard!
You kill the orc wizard!
The orc wizard gestures at you while chanting.
You resist with some effort. You block the endoplasm's attack.
Unknown command.
Fire: a) +0 shortbow
Press: ? - help, Q - select action, (/) - cycle Shift-Dir - straight line, f - orc wizard
Aim: an orc wizard, wielding a +0 dagger and wearing a +0 robe (58% to hit)
You shoot an arrow. The arrow hits the orc wizard.
The orc wizard is lightly wounded.
The orc wizard hits you but does no damage.
The endoplasm hits you but does no damage.
Fire: a) +0 shortbow
Press: ? - help, Q - select action, (/) - cycle Shift-Dir - straight line, f/p - orc wizard
Aim: an orc wizard, wielding a +0 dagger and wearing a +0 robe (lightly wounded, 58% to hit)
You shoot an arrow. The arrow hits the orc wizard!
The orc wizard is almost dead.
The orc wizard hits you but does no damage.
The endoplasm hits you but does no damage.
You block the endoplasm's attack.
The orc wizard points at you and mumbles some strange words.
The magic dart hits you but does no damage.
Fire: a) +0 shortbow
Press: ? - help, Q - select action, (/) - cycle Shift-Dir - straight line, f/p - orc wizard
Aim: an orc wizard, wielding a +0 dagger and wearing a +0 robe (almost dead, 58% to hit)
You shoot an arrow.
The arrow closely misses the orc wizard.
The orc wizard hits you with a +0 dagger.
* * * LOW HITPOINT WARNING * * *
The endoplasm hits you but does no damage.
Fire: a) +0 shortbow
Press: ? - help, Q - select action, (/) - cycle Shift-Dir - straight line, f/p - orc wizard
Aim: an orc wizard, wielding a +0 dagger and wearing a +0 robe (almost dead, 58% to hit)
You shoot an arrow. The arrow hits the orc wizard!
You kill the orc wizard!
The endoplasm freezes you.
You are frozen.
You die...

############ .
#.....)♣J..# ..
#.......)..#
.).
#..........#
...)
#####.######
.....#####...#
#.......##.#.##
#.).......#
#.........#
#^...)....#


You could see an endoplasm.

Vanquished Creatures
  2 orc wizards (D:3)
  5 adders
  3 worms (D:2)
  A dart slug (D:2)
  7 orcs
  3 ball pythons
  5 endoplasms
  4 giant cockroaches
  9 goblins
  10 hobgoblins
  9 kobolds
  3 quokkas (D:2)
  4 bats
  2 frilled lizards
  6 rats
73 creatures vanquished.

Notes
Turn   | Place    | Note
-------+----------+-------------------------------------------
     0 | D:1      | safid the Minotaur Hunter began the quest for the Orb.
     0 | D:1      | Reached XP level 1. HP: 18/18 MP: 0/0
    73 | D:1      | Reached XP level 2. HP: 25/26 MP: 1/1
   409 | D:1      | Found a faded altar of an unknown god.
   776 | D:2      | Reached skill level 5 in Ranged Weapons
   776 | D:2      | Reached XP level 3. HP: 31/31 MP: 2/2
   901 | D:2      | Found a hide-covered altar of Uskayaw.
  1289 | D:2      | Reached XP level 4. HP: 40/40 MP: 3/3
  2088 | D:3      | Reached XP level 5. HP: 41/47 MP: 4/4
  2330 | D:3      | HP: 2/47 [orc wizard/+0 dagger (1)]
  2335 | D:3      | HP: 1/70 [orc wizard/+0 dagger (1)]
  2336 | D:3      | Frozen to death by an endoplasm

Illustrated notes

Levels and vault maps discovered:
D:1:      pf_arrival_petrified_forest, layout_basic,
          ebering_ecumenical_altar_box
D:2:      minmay_razor_zed, layout_loops_ring, basic_altar
D:3:      layout_rooms, minmay_misc_feat_plants, st_stairs_5

Skill      XL: |  1  2  3 |
---------------+----------+-----
Fighting       | 3 4 |  4.9
Ranged Weapons | 5 |  5.9
Dodging        | |  2.1
Stealth        | |  0.7

Action                   |  1- 3 |  4- 6 || total
-------------------------+-------+-------++-------
 Fire: Shortbow          |   111 |    88 ||   199
  Use: Potion            |       |     3 ||     3
Armor: Leather armour    |     9 |    22 ||    31
       Skin              |       |     8 ||     8
Dodge: Dodged            |    26 |    25 ||    51
Block: Other             |     6 |    15 ||    21
       Reflection        |       |     1 ||     1
